 Dungeon Sprint DCSS version 0.31-a0-37-g98a128e1d9 (webtiles) character file.

Game seed: 11165919488166847173

238 sircluck the Grappler (level 5, -1/55 (59) HPs)
             Began as a Troll Berserker on May 15, 2023.
             Was an Elder of Trog.
             Killed by divine providence
             ... invoked by an orc priest
              (13 damage)
             ... in the Dungeon (Sprint VII: "The Pits").
             The game lasted 00:01:00 (216 turns).

sircluck the Grappler (Troll Berserker)              Turns: 216, Time: 00:01:00

HP:   -1/55 (59)    AC:  4    Str: 27    XL:     5   Next: 78%
MP:   4/4           EV: 11    Int:  3    God:    Trog [****..]
Gold: 0             SH:  0    Dex:  9    Spells: 4/4 levels left

rFire   . .          .
                       - Unarmed
rCold   . . .        (no shield)
rNeg    . . .        a - +0 animal skin
rPois   .            (helmet restricted)
rElec   .            (no cloak)
rCorr   .            (gloves unavailable)
SInv    .            (boots unavailable)
Will    .....        (no amulet)
Stlth   +            (no ring)
HPRegen 1.09/turn    (no ring)
MPRegen 0.09/turn

%: no teleportation
@: drained
A: large, unfitting armour, claws 3, regeneration 1, shaggy fur 1, tough skin 1
a: Renounce Religion, Berserk, Trog's Hand, Brothers in Arms


You were in the Dungeon.
You worshipped Trog.
Trog was greatly pleased with you.
You visited 1 branch

Inventory:

Missiles
 j - 12 stones (quivered)
Armour
 a - a +0 animal skin (worn)
Scrolls
 g - a scroll of blinking
 i - a scroll of summoning
Potions
 b - 6 potions of curing
 c - 6 potions of heal wounds
 d - a potion of haste
 e - 4 potions of magic
 f - 3 potions of berserk rage
 h - 2 potions of invisibility


   Skills:
 + Level 6.1 Fighting
 + Level 6.0 Dodging
 + Level 8.0 Unarmed Combat


You had 4 spell levels left.
You didn't know any spells.
Your spell library was empty.

Dungeon Overview and Level Annotations

Branches:
Dungeon (1/1)

Altars:
Ashenzari
Cheibriados
Dithmenos
Elyvilon
Fedhas
Gozag
Hepliaklqana
Kikubaaqudgha
Makhleb
Nemelex Xobeh
Okawaru
Qazlal
Ru
Sif Muna
Trog
Uskayaw
Vehumet
Wu Jian
Xom
Yredelemnul
Zin
The Shining One
Jiyva
Lugonu


Innate Abilities, Weirdness & Mutations

You are too large for most types of armour.
You have claws for hands.
Your natural rate of healing is unusually fast.
You are covered in fur. (AC +1)
You have tough skin. (AC +1)


Message History

Things that are here:
a +0 flail; a +0 robe; a rat corpse You barely miss the giant cockroach.
You claw the giant cockroach, but do no damage.
The orc wizard gestures wildly while chanting.
The orc wizard flickers and vanishes!
Deactivating autopickup; reactivate with Ctrl-A.
You scratch the giant cockroach.
The giant cockroach is heavily wounded.
The giant cockroach barely misses you. The giant cockroach bites you.
You claw the giant cockroach!
You kill the giant cockroach!
Trog accepts your kill. The wight misses you.
You see here a giant cockroach corpse.
You claw the wight!
You destroy the wight!
Trog accepts your kill.
Your Fighting skill increases to level 6!
Your Dodging skill increases to level 6!
Your Unarmed Combat skill increases to level 8!
You barely miss the wight. The wight closely misses you.
You barely miss the wight.
The wight hits you with a +0 long sword!
You feel drained.
Unknown command.
You scratch the wight.
The wight is heavily damaged.
The wight hits you with a +0 long sword.
You feel drained.
You completely miss the wight.
The wight is heavily damaged.
The wight hits you with a +0 long sword!
* * * LOW HITPOINT WARNING * * *
You scratch the wight but do no damage.
The wight is heavily damaged.
The wight misses you.
The orc priest mumbles some strange prayers to Beogh against you.
Beogh smites you!
You die...

#...........'.....
#'#####'#####.....
#.#...†.#..##.....
#.#.....#))#####'#
#.###†###))##.....
#.#.†...#))##.....
#.#.....#[[##.....
#)####'##'###...<.
#@#.)......##.....
#z#........##.....
#{###########.....


#oo.zoo.# ###### #ho.#zo.# #...# .# #.##. #.. #B #.. z. You could see a black
bear, a wight and 3 orc priests.

Vanquished Creatures
  A floating eye (D)
  2 wights (D)
  An adder (D)
  A white imp (D)
  2 ufetubi (D)
  2 endoplasms (D)
  A giant cockroach (D)
  A hobgoblin (D)
  A quokka (D)
  A kobold (D)
  A rat (D)
14 creatures vanquished.

Notes
Turn   | Place    | Note
-------+----------+-------------------------------------------
     0 | D        | sircluck the Troll Berserker began the quest for the Orb.
     0 | D        | Reached XP level 1. HP: 22/22 MP: 0/0
    13 | D        | Noticed a floating eye
    16 | D        | Killed a floating eye
    17 | D        | Reached skill level 6 in Unarmed Combat
    17 | D        | Reached XP level 2. HP: 33/33 MP: 1/1
    17 | D        | Reached XP level 3. HP: 41/41 MP: 2/2
    17 | D        | Reached XP level 4. HP: 49/49 MP: 3/3
    55 | D        | Found a bloodstained altar of Trog.
    55 | D        | Found a shimmering blue altar of Sif Muna.
    55 | D        | Found a viscous altar of Jiyva.
    55 | D        | Found a hazy altar of Hepliaklqana.
    55 | D        | Found an opulent altar of Gozag.
    56 | D        | Found a glowing golden altar of the Shining One.
    56 | D        | Found a glowing silver altar of Zin.
    56 | D        | Found a basalt altar of Yredelemnul.
    56 | D        | Found a shimmering altar of Xom.
    56 | D        | Found an ornate altar of the Wu Jian Council.
    56 | D        | Found a sacrificial altar of Ru.
    56 | D        | Found a stormy altar of Qazlal.
    56 | D        | Found an iron altar of Okawaru.
    56 | D        | Found a sparkling altar of Nemelex Xobeh.
    56 | D        | Found a burning altar of Makhleb.
    56 | D        | Found a blossoming altar of Fedhas.
    56 | D        | Found a white marble altar of Elyvilon.
    56 | D        | Found a shadowy altar of Dithmenos.
    56 | D        | Found a snail-covered altar of Cheibriados.
    58 | D        | Found a radiant altar of Vehumet.
    58 | D        | Found a corrupted altar of Lugonu.
    59 | D        | Found a hide-covered altar of Uskayaw.
    59 | D        | Found an ancient bone altar of Kikubaaqudgha.
    59 | D        | Found a broken altar of Ashenzari.
    98 | D        | Reached ** piety under Trog
   103 | D        | Reached skill level 5 in Fighting
   108 | D        | Reached skill level 5 in Dodging
   115 | D        | Reached *** piety under Trog
   192 | D        | Noticed a black bear
   202 | D        | Reached skill level 7 in Unarmed Combat
   202 | D        | Reached XP level 5. HP: 37/59 MP: 4/4
   204 | D        | Reached **** piety under Trog
   212 | D        | Reached skill level 8 in Unarmed Combat
   216 | D        | Killed from afar by an orc priest

Illustrated notes

Levels and vault maps discovered:
D:        pitsprint [storerooms_1, entrance_room_1, metal_vault_8, armoury_1,
          mini_pit_1, grid_room_1, main_hall_1, silver_pit, the_coven_3,
          the_vestibule_1, steel_vault_4, golden_pit, hallway_of_sentries,
          crystal_vault_5, iron_vault_4, final_vault]

Skill      XL: |  1  2  3  4  5 |
---------------+----------------+-----
Fighting       | 4 5 6 |  6.1
Dodging        | 4 5 6 |  6.0
Unarmed Combat | 6 7 8 |  8.0

Action                     |  1- 3 |  4- 6 || total
---------------------------+-------+-------++-------
  Melee: Unarmed           |     2 |    31 ||    33
         Punch             |       |     3 ||     3
 Armour: Animal skin       |       |     8 ||     8
  Dodge: Dodged            |       |    15 ||    15

Table legend: (Time is in decaauts)
 A = Elapsed time spent in this place.
 B = Non-inter-level travel time spent in this place.
 C = Inter-level travel time spent in this place.
 D = Time resting spent in this place.
 E = Time spent auto-exploring this place.
 F = Levels seen in this place.
 G = Mean time per level.
                   A        B        C        D        E       F      G
               +--------+--------+--------+--------+--------+-----+--------+
         Total |    212 |    212 |      0 |      0 |     68 |   1 |  212.0 |
       Dungeon |    212 |    212 |      0 |      0 |     68 |   1 |  212.0 |
               +--------+--------+--------+--------+--------+-----+--------+

Top non-repeatable levels by time:
       D: 212 daAuts
